AoeStats
← PetroJudas

Arabia

507845984Analyzed
2v2 RM · 13d ago on Sep 19, 2026· 41m 49s· 4 players
Game mode
Random Map
Map size
Medium (4 player)
Population
200
Speed
Normal
Resources
Standard
Victory
Conquest
Starting age
Dark Age
Ending age
Imperial Age
RankedLock teamsTeams togetherTeam positionsShared explorationLock speedFull tech treeHidden civsTurbo modeCheats
Victory
Defeat
🇵🇱 Vikings · Poland
1012
+15
🇵🇱 Persians · Poland
1004
+15
🇪🇸 Khmer · Spain
987
-15
🇪🇸 Tatars · Spain
979
-15
PetroJudas
7:03 Loom
9:46 Feudal Age
10:13 Double-Bit Axe
12:26 Horse Collar
18:38 Fletching
19:24 Padded Archer Armor
21:53 Wheelbarrow
26:54 Castle Age
27:27 Bloodlines
27:35 Bodkin Arrow
27:57 Leather Archer Armor
28:33 Bodkin Arrow
29:51 Elite Skirmisher
32:49 Bloodlines
32:39 Husbandry
34:31 Scale Barding Armor
35:13 Forging
35:14 Town Watch
36:01 Chain Barding Armor
35:56 Stone Mining
35:57 Gold Mining
37:59 Iron Casting
40:36 Bow Saw
42:26 Ballistics
silvap.javier
8:33 Loom
10:47 Feudal Age
14:31 Horse Collar
15:30 Double-Bit Axe
16:55 Gold Mining
21:21 Castle Age
19:58 Padded Archer Armor
21:15 Fletching
22:20 Leather Archer Armor
22:51 Heavy Plow
24:48 Wheelbarrow
23:58 Town Watch
25:03 Scale Barding Armor
30:56 Bodkin Arrow
38:01 Hand Cart
41:29 Imperial Age
mily_skur3byk
7:45 Loom
10:14 Feudal Age
10:40 Double-Bit Axe
10:17 Man-at-Arms
14:33 Horse Collar
22:41 Castle Age
21:37 Scale Barding Armor
22:07 Bloodlines
24:48 Bow Saw
25:01 Forging
26:16 Chain Barding Armor
30:01 Wheelbarrow
38:23 Fletching
39:21 Kamandaran
42:31 Imperial Age
40:18 Hand Cart
40:38 Bodkin Arrow
42:04 Thumb Ring
jaNuke
3:38 Loom
11:13 Feudal Age
18:33 Horse Collar
23:44 Castle Age
23:24 Fletching
23:34 Padded Archer Armor
23:44 Crossbowman
24:39 Bodkin Arrow
24:48 Pikeman
26:10 Squires
42:08 Imperial Age
Connection lost

Rejoining the realm…

Still unreachable

The connection could not be restored.

Session expired

The server has moved on; the page needs a fresh start.